[ PARTIDA AOE2 · #463890801 ]
UnrankedBorgoñones vs Malians
[ ANÁLISIS DE REPETICIÓN · EXTRAÍDO DE LA PARTIDA GRABADA ]
Feudal
11:30
Castillos
16:27
Imperial
34:37
| APM promedio | 18.7 |
| APM pico | 55 |
| eAPM promedio | 12.0 |
| Aldeanos / militares | 93 / 113 |
Foco
⚔️ 26.3% · 🌾 73.7%
Knight ×64 · Flemish Militia ×41 · Petard ×4 · Spearman ×2 · Trebuchet (Packed) ×2
Feudal
11:22
Castillos
15:26
Imperial
30:59
| APM promedio | 34.1 |
| APM pico | 76 |
| eAPM promedio | 24.2 |
| Aldeanos / militares | 191 / 291 |
Foco
⚔️ 43.2% · 🌾 56.8%
Militia ×242 · Spearman ×20 · Scorpion ×19 · Trebuchet (Packed) ×7 · Monk ×3
Feudal
11:52
Castillos
15:31
Imperial
29:02
| APM promedio | 18.4 |
| APM pico | 42 |
| eAPM promedio | 13.2 |
| Aldeanos / militares | 100 / 345 |
Foco
⚔️ 25.6% · 🌾 74.4%
Huskarl ×342 · Monk ×3
Feudal
—
Castillos
—
Imperial
—
| APM promedio | 30.6 |
| APM pico | 63 |
| eAPM promedio | 20.0 |
| Aldeanos / militares | 146 / 150 |
Foco
⚔️ 34.1% · 🌾 65.9%
Knight ×64 · Skirmisher ×53 · Scout Cavalry ×24 · War Elephant ×4 · Trebuchet (Packed) ×4 · Cavalry Archer ×1
Feudal
12:37
Castillos
16:21
Imperial
34:41
| APM promedio | 32.3 |
| APM pico | 76 |
| eAPM promedio | 19.8 |
| Aldeanos / militares | 122 / 146 |
Foco
⚔️ 20.8% · 🌾 79.2%
Hand Cannoneer ×78 · Scout Cavalry ×35 · Janissary ×27 · Trade Cart ×11 · Monk ×2 · Petard ×2
Feudal
11:16
Castillos
14:59
Imperial
46:47
| APM promedio | 32.3 |
| APM pico | 65 |
| eAPM promedio | 16.5 |
| Aldeanos / militares | 87 / 131 |
Foco
⚔️ 28.8% · 🌾 71.2%
Spearman ×76 · Genoese Crossbowman ×47 · Petard ×4 · Battering Ram ×3 · Mangonel ×1
Feudal
11:30
Castillos
16:27
Imperial
31:21
| APM promedio | 27.1 |
| APM pico | 97 |
| eAPM promedio | 13.5 |
| Aldeanos / militares | 96 / 111 |
Foco
⚔️ 33.0% · 🌾 67.0%
Hand Cannoneer ×90 · Spearman ×17 · Trebuchet (Packed) ×3 · Mangonel ×1
Feudal
11:32
Castillos
15:37
Imperial
30:50
| APM promedio | 11.9 |
| APM pico | 38 |
| eAPM promedio | 8.9 |
| Aldeanos / militares | 164 / 61 |
Foco
⚔️ 15.0% · 🌾 85.0%
Knight ×53 · Bombard Cannon ×8
Mapa de la partida
Recursos iniciales + cada clic de construcción. Líneas = muros · curvas = relieve. ◆ oro · ⬟ piedra · ● bayas · ✦ reliquia · ◌ hueco del cierre
Tu base· Abierta — flanco sin cerrar
Base de Duck Rattlehead· Abierta — flanco sin cerrar
Base de Mooncake· Abierta — flanco sin cerrar
Base de DodgeViper97410· Abierta — flanco sin cerrar
Base de diego.servf· Abierta — flanco sin cerrar
Base de MikeMeanMachine· Abierta — flanco sin cerrar
Base de SirT_Naval· Abierta — flanco sin cerrar
Base de Gunslinger· Abierta — flanco sin cerrar
Terreno inicial suavizado · ◌ = hueco del cierre detectado · pasá el cursor para detalles
Inputs por minuto
— carlos434 - - Duck Rattlehead
Build order — carlos434
Primeras 150 de 295 acciones detectadas
| 0:02 | Crear | Villager (Male) |
| 0:03 | Crear | Villager (Male) |
| 0:03 | Crear | Villager (Male) |
| 0:03 | Crear | Villager (Male) |
| 0:04 | Crear | Villager (Male) |
| 0:06 | Construir | House |
| 0:09 | Construir | House |
| 1:46 | Crear | Villager (Male) |
| 2:11 | Crear | Villager (Male) |
| 2:12 | Crear | Villager (Male) |
| 2:21 | Crear | Villager (Male) |
| 2:21 | Crear | Villager (Male) |
| 2:51 | Crear | Villager (Male) |
| 2:51 | Crear | Villager (Male) |
| 2:51 | Crear | Villager (Male) |
| 3:14 | Construir | House |
| 3:27 | Crear | Villager (Male) |
| 3:33 | Construir | Mill |
| 3:45 | Crear | Villager (Male) |
| 3:45 | Crear | Villager (Male) |
| 4:05 | Crear | Villager (Male) |
| 4:05 | Crear | Villager (Male) |
| 4:08 | Crear | Villager (Male) |
| 4:08 | Crear | Villager (Male) |
| 4:40 | Crear | Villager (Male) |
| 4:40 | Crear | Villager (Male) |
| 5:06 | Crear | Villager (Male) |
| 5:14 | Construir | Mining Camp |
| 5:20 | Crear | Villager (Male) |
| 5:20 | Crear | Villager (Male) |
| 5:47 | Crear | Villager (Male) |
| 5:48 | Crear | Villager (Male) |
| 6:16 | Construir | Mining Camp |
| 6:30 | Crear | Villager (Male) |
| 6:31 | Crear | Villager (Male) |
| 6:31 | Crear | Villager (Male) |
| 6:36 | Construir | House |
| 6:41 | Investigar | Loom |
| 6:42 | Crear | Villager (Male) |
| 6:43 | Crear | Villager (Male) |
| 6:43 | Crear | Villager (Male) |
| 6:43 | Crear | Villager (Male) |
| 8:22 | Crear | Villager (Male) |
| 8:29 | Construir | House |
| 8:53 | Crear | Villager (Male) |
| 9:20 | Investigar | Feudal Age |
| 9:27 | Construir | Lumber Camp |
| 9:56 | Construir | Lumber Camp |
| 10:54 | Construir | Mill |
| 11:30 | Edad | Edad Feudal |
| 11:30 | Crear | Villager (Male) |
| 11:56 | Crear | Villager (Male) |
| 12:02 | Construir | Market |
| 12:53 | Construir | Blacksmith |
| 13:47 | Investigar | Castle Age |
| 13:56 | Construir | Barracks |
| 14:03 | Construir | House |
| 14:24 | Investigar | Double-Bit Axe |
| 15:29 | Crear | Spearman |
| 15:29 | Crear | Spearman |
| 15:52 | Construir | Farm |
| 15:53 | Construir | Farm |
| 15:54 | Construir | Farm |
| 15:55 | Construir | Farm |
| 15:56 | Construir | Farm |
| 16:27 | Edad | Edad de los Castillos |
| 16:50 | Construir | Castle |
| 17:31 | Construir | Town Center |
| 17:35 | Crear | Villager (Male) |
| 17:35 | Crear | Villager (Male) |
| 18:06 | Construir | Mining Camp |
| 18:22 | Crear | Villager (Male) |
| 18:51 | Crear | Villager (Male) |
| 18:51 | Crear | Villager (Male) |
| 18:51 | Crear | Villager (Male) |
| 19:03 | Crear | Villager (Male) |
| 19:04 | Crear | Villager (Male) |
| 19:25 | Crear | Villager (Male) |
| 19:32 | Construir | Town Center |
| 19:34 | Construir | Farm |
| 19:37 | Crear | Villager (Male) |
| 19:39 | Crear | Villager (Male) |
| 19:57 | Construir | Farm |
| 19:58 | Crear | Villager (Male) |
| 20:18 | Crear | Petard |
| 20:22 | Construir | Farm |
| 20:24 | Crear | Villager (Male) |
| 20:49 | Investigar | Horse Collar |
| 20:58 | Crear | Villager (Male) |
| 21:16 | Crear | Petard |
| 21:22 | Construir | University |
| 21:28 | Crear | Villager (Male) |
| 21:56 | Crear | Petard |
| 22:07 | Construir | Stable |
| 22:10 | Construir | Farm |
| 22:14 | Crear | Villager (Male) |
| 22:42 | Crear | Villager (Male) |
| 23:02 | Construir | Castle |
| 23:05 | Construir | Farm |
| 23:07 | Crear | Villager (Male) |
| 23:10 | Crear | Villager (Male) |
| 23:15 | Crear | Villager (Male) |
| 23:36 | Construir | Farm |
| 23:38 | Construir | Farm |
| 23:40 | Crear | Villager (Male) |
| 23:49 | Construir | Farm |
| 23:50 | Crear | Villager (Male) |
| 24:11 | Construir | Farm |
| 24:14 | Crear | Villager (Male) |
| 24:15 | Crear | Villager (Male) |
| 24:19 | Construir | Farm |
| 24:50 | Construir | Farm |
| 24:51 | Crear | Villager (Male) |
| 24:52 | Crear | Villager (Male) |
| 24:54 | Crear | Villager (Male) |
| 25:25 | Investigar | Masonry |
| 25:32 | Construir | Farm |
| 25:34 | Construir | Farm |
| 25:36 | Construir | Farm |
| 25:46 | Construir | Stable |
| 25:51 | Construir | Farm |
| 25:58 | Investigar | Cavalier (upgrade) |
| 26:06 | Construir | Stable |
| 26:13 | Crear | Petard |
| 26:30 | Crear | Villager (Male) |
| 26:32 | Crear | Villager (Male) |
| 26:35 | Crear | Villager (Male) |
| 26:47 | Crear | Knight |
| 26:47 | Crear | Knight |
| 27:05 | Construir | Farm |
| 27:15 | Construir | Farm |
| 27:17 | Construir | Farm |
| 27:19 | Crear | Villager (Male) |
| 27:19 | Crear | Villager (Male) |
| 27:27 | Crear | Knight |
| 27:27 | Crear | Knight |
| 27:33 | Construir | Mill |
| 27:36 | Construir | Farm |
| 27:36 | Construir | Farm |
| 28:02 | Crear | Knight |
| 28:02 | Crear | Knight |
| 28:07 | Investigar | Scale Mail Armor |
| 28:10 | Investigar | Scale Barding Armor |
| 28:17 | Construir | Farm |
| 28:19 | Construir | Farm |
| 30:19 | Crear | Villager (Male) |
| 30:19 | Crear | Villager (Male) |
| 30:21 | Crear | Villager (Male) |
| 30:21 | Crear | Villager (Male) |
| 30:24 | Crear | Villager (Male) |
Build order — Duck Rattlehead
Primeras 150 de 626 acciones detectadas
| 0:02 | Crear | Villager (Male) |
| 0:02 | Crear | Villager (Male) |
| 0:03 | Crear | Villager (Male) |
| 0:03 | Crear | Villager (Male) |
| 0:05 | Construir | House |
| 0:06 | Construir | House |
| 1:34 | Crear | Villager (Male) |
| 1:34 | Crear | Villager (Male) |
| 1:35 | Crear | Villager (Male) |
| 1:47 | Construir | Lumber Camp |
| 2:06 | Crear | Villager (Male) |
| 2:06 | Crear | Villager (Male) |
| 2:06 | Crear | Villager (Male) |
| 2:25 | Crear | Villager (Male) |
| 2:25 | Crear | Villager (Male) |
| 2:25 | Crear | Villager (Male) |
| 3:20 | Crear | Villager (Male) |
| 3:20 | Crear | Villager (Male) |
| 3:20 | Crear | Villager (Male) |
| 3:21 | Crear | Villager (Male) |
| 3:48 | Crear | Villager (Male) |
| 3:49 | Crear | Villager (Male) |
| 4:03 | Crear | Villager (Male) |
| 4:03 | Crear | Villager (Male) |
| 4:04 | Crear | Villager (Male) |
| 4:17 | Construir | House |
| 4:18 | Construir | House |
| 4:26 | Investigar | Loom |
| 5:17 | Construir | Mill |
| 5:27 | Crear | Villager (Male) |
| 5:28 | Crear | Villager (Male) |
| 5:28 | Crear | Villager (Male) |
| 5:43 | Crear | Villager (Male) |
| 5:43 | Crear | Villager (Male) |
| 5:43 | Crear | Villager (Male) |
| 6:07 | Crear | Villager (Male) |
| 6:40 | Crear | Villager (Male) |
| 6:40 | Crear | Villager (Male) |
| 7:13 | Crear | Villager (Male) |
| 7:13 | Crear | Villager (Male) |
| 7:36 | Crear | Villager (Male) |
| 7:36 | Crear | Villager (Male) |
| 7:48 | Construir | Mill |
| 8:02 | Construir | Mill |
| 8:12 | Crear | Villager (Male) |
| 8:30 | Construir | Mining Camp |
| 9:07 | Investigar | Feudal Age |
| 9:07 | Investigar | Feudal Age |
| 10:27 | Construir | House |
| 10:33 | Construir | House |
| 10:34 | Construir | Palisade Wall |
| 10:39 | Crear | Villager (Male) |
| 10:39 | Crear | Villager (Male) |
| 10:51 | Construir | Mill |
| 11:22 | Edad | Edad Feudal |
| 11:35 | Construir | Market |
| 11:41 | Construir | Blacksmith |
| 12:46 | Investigar | Castle Age |
| 12:46 | Investigar | Castle Age |
| 13:12 | Construir | Lumber Camp |
| 13:31 | Investigar | Double-Bit Axe |
| 13:31 | Investigar | Double-Bit Axe |
| 14:30 | Crear | Villager (Male) |
| 14:40 | Construir | House |
| 15:26 | Edad | Edad de los Castillos |
| 15:49 | Construir | Monastery |
| 15:55 | Crear | Villager (Male) |
| 16:00 | Construir | Town Center |
| 16:13 | Construir | Town Center |
| 16:16 | Crear | Villager (Male) |
| 16:23 | Crear | Villager (Male) |
| 16:25 | Crear | Monk |
| 16:32 | Crear | Villager (Male) |
| 16:37 | Construir | Town Center |
| 16:42 | Crear | Villager (Male) |
| 16:53 | Construir | Farm |
| 16:54 | Crear | Villager (Male) |
| 16:59 | Crear | Villager (Male) |
| 17:06 | Construir | Farm |
| 17:18 | Construir | Farm |
| 17:19 | Crear | Villager (Male) |
| 17:27 | Crear | Villager (Male) |
| 17:33 | Construir | Farm |
| 17:34 | Construir | Farm |
| 17:37 | Crear | Villager (Male) |
| 17:44 | Crear | Villager (Male) |
| 17:51 | Construir | Farm |
| 17:55 | Crear | Villager (Male) |
| 17:55 | Crear | Villager (Male) |
| 17:55 | Crear | Villager (Male) |
| 18:23 | Crear | Villager (Male) |
| 18:23 | Crear | Villager (Male) |
| 18:23 | Crear | Villager (Male) |
| 18:27 | Crear | Monk |
| 18:35 | Crear | Villager (Male) |
| 18:35 | Crear | Villager (Male) |
| 18:56 | Crear | Villager (Male) |
| 18:56 | Crear | Villager (Male) |
| 18:57 | Crear | Villager (Male) |
| 19:10 | Crear | Monk |
| 19:11 | Crear | Villager (Male) |
| 19:11 | Crear | Villager (Male) |
| 19:22 | Construir | Farm |
| 19:23 | Construir | Farm |
| 19:24 | Construir | Farm |
| 19:25 | Construir | Farm |
| 19:26 | Construir | Farm |
| 19:27 | Construir | Farm |
| 19:28 | Construir | Farm |
| 19:29 | Construir | Farm |
| 19:30 | Construir | Farm |
| 19:31 | Construir | Farm |
| 19:44 | Crear | Villager (Male) |
| 19:44 | Crear | Villager (Male) |
| 19:45 | Crear | Villager (Male) |
| 19:45 | Crear | Villager (Male) |
| 19:48 | Construir | Farm |
| 19:49 | Crear | Villager (Male) |
| 19:49 | Crear | Villager (Male) |
| 19:49 | Crear | Villager (Male) |
| 20:10 | Construir | Farm |
| 20:48 | Crear | Villager (Male) |
| 20:48 | Crear | Villager (Male) |
| 20:49 | Crear | Villager (Male) |
| 20:49 | Crear | Villager (Male) |
| 21:05 | Crear | Villager (Male) |
| 21:05 | Crear | Villager (Male) |
| 21:05 | Crear | Villager (Male) |
| 21:05 | Crear | Villager (Male) |
| 21:21 | Crear | Villager (Male) |
| 21:21 | Crear | Villager (Male) |
| 21:22 | Crear | Villager (Male) |
| 21:30 | Construir | House |
| 21:31 | Construir | House |
| 21:32 | Construir | House |
| 21:34 | Construir | House |
| 21:36 | Construir | House |
| 21:41 | Crear | Villager (Male) |
| 21:41 | Crear | Villager (Male) |
| 21:41 | Crear | Villager (Male) |
| 21:41 | Crear | Villager (Male) |
| 21:49 | Investigar | Wheelbarrow |
| 21:55 | Investigar | Town Watch |
| 21:59 | Crear | Villager (Male) |
| 21:59 | Crear | Villager (Male) |
| 22:08 | Construir | University |
| 22:11 | Construir | House |
| 22:17 | Construir | House |
| 22:18 | Construir | House |
| 22:21 | Construir | House |
Build order — Mooncake
Primeras 150 de 301 acciones detectadas
| 0:02 | Crear | Villager (Male) ×4 |
| 0:03 | Construir | House |
| 0:05 | Construir | House |
| 1:33 | Crear | Villager (Male) |
| 1:53 | Construir | Lumber Camp |
| 2:04 | Crear | Villager (Male) |
| 2:20 | Crear | Villager (Male) |
| 2:50 | Crear | Villager (Male) |
| 3:03 | Crear | Villager (Male) |
| 3:38 | Crear | Villager (Male) |
| 3:53 | Construir | House |
| 3:54 | Construir | House |
| 3:55 | Construir | House |
| 4:01 | Crear | Villager (Male) |
| 4:22 | Construir | Mill |
| 4:24 | Crear | Villager (Male) |
| 5:07 | Crear | Villager (Male) |
| 5:25 | Crear | Villager (Male) |
| 5:35 | Crear | Villager (Male) |
| 6:10 | Crear | Villager (Male) |
| 6:31 | Construir | Mill |
| 6:43 | Construir | Mining Camp |
| 6:45 | Crear | Villager (Male) |
| 6:59 | Crear | Villager (Male) |
| 7:04 | Crear | Villager (Male) |
| 7:14 | Crear | Villager (Male) |
| 7:31 | Crear | Villager (Male) |
| 8:15 | Crear | Villager (Male) |
| 8:19 | Crear | Villager (Male) |
| 8:21 | Crear | Villager (Male) |
| 9:35 | Investigar | Feudal Age |
| 10:01 | Crear | Villager (Male) |
| 10:01 | Crear | Villager (Male) |
| 10:07 | Construir | Farm |
| 10:08 | Construir | Farm |
| 10:10 | Construir | Farm |
| 10:11 | Construir | Farm |
| 10:13 | Construir | Farm |
| 11:52 | Edad | Edad Feudal |
| 11:58 | Construir | Market |
| 12:06 | Construir | Blacksmith |
| 12:51 | Investigar | Castle Age |
| 12:57 | Investigar | Double-Bit Axe |
| 13:01 | Investigar | Horse Collar |
| 14:04 | Construir | House |
| 14:06 | Construir | House |
| 14:07 | Construir | House |
| 14:08 | Construir | House |
| 14:10 | Construir | House |
| 14:11 | Construir | House |
| 15:31 | Edad | Edad de los Castillos |
| 15:35 | Construir | Town Center |
| 15:36 | Crear | Villager (Male) ×5 |
| 15:58 | Construir | Town Center |
| 16:07 | Construir | Monastery |
| 16:21 | Construir | Mining Camp |
| 16:37 | Crear | Villager (Male) ×5 |
| 16:39 | Crear | Villager (Male) |
| 16:39 | Crear | Villager (Male) |
| 16:40 | Crear | Monk |
| 16:42 | Crear | Monk |
| 17:14 | Crear | Villager (Male) |
| 17:15 | Crear | Villager (Male) |
| 17:18 | Investigar | Heavy Plow |
| 17:25 | Crear | Villager (Male) |
| 17:25 | Crear | Villager (Male) |
| 17:56 | Crear | Villager (Male) |
| 18:01 | Construir | Farm |
| 18:02 | Construir | Farm |
| 18:03 | Construir | Farm |
| 18:04 | Construir | Farm |
| 18:06 | Construir | Farm |
| 18:12 | Construir | Farm |
| 18:19 | Construir | Farm |
| 18:22 | Crear | Villager (Male) |
| 18:40 | Crear | Villager (Male) |
| 19:01 | Construir | Barracks |
| 19:15 | Crear | Villager (Male) |
| 19:15 | Crear | Villager (Male) |
| 19:44 | Crear | Villager (Male) |
| 19:44 | Crear | Villager (Male) |
| 20:02 | Construir | Farm |
| 20:03 | Construir | Farm |
| 20:04 | Construir | Farm |
| 20:05 | Construir | Farm |
| 20:08 | Construir | Farm |
| 20:09 | Construir | Farm |
| 20:10 | Construir | Farm |
| 20:35 | Crear | Monk |
| 20:50 | Construir | Siege Workshop |
| 20:54 | Crear | Villager (Male) |
| 20:55 | Crear | Villager (Male) |
| 20:55 | Crear | Villager (Male) |
| 20:55 | Crear | Villager (Male) |
| 20:55 | Crear | Villager (Male) |
| 20:56 | Crear | Villager (Male) |
| 21:03 | Construir | Town Center |
| 21:15 | Investigar | Bow Saw |
| 21:39 | Construir | House |
| 21:41 | Construir | House |
| 21:42 | Construir | House |
| 21:43 | Construir | House |
| 21:43 | Construir | House |
| 21:46 | Crear | Villager (Male) |
| 21:46 | Crear | Villager (Male) |
| 21:48 | Crear | Villager (Male) |
| 21:52 | Construir | Farm |
| 21:53 | Construir | Farm |
| 21:54 | Construir | Farm |
| 21:56 | Construir | Farm |
| 21:56 | Construir | Farm |
| 21:57 | Construir | Farm |
| 22:01 | Construir | Farm |
| 22:02 | Construir | Farm |
| 22:04 | Construir | Farm |
| 22:05 | Construir | Farm |
| 22:08 | Crear | Villager (Male) |
| 22:09 | Crear | Villager (Male) |
| 22:12 | Crear | Villager (Male) |
| 22:13 | Crear | Villager (Male) |
| 22:13 | Crear | Villager (Male) |
| 22:18 | Construir | Farm |
| 22:53 | Investigar | Wheelbarrow |
| 22:54 | Crear | Villager (Male) |
| 22:54 | Crear | Villager (Male) |
| 23:01 | Crear | Villager (Male) |
| 24:02 | Investigar | Gold Mining |
| 24:05 | Crear | Villager (Male) |
| 24:05 | Crear | Villager (Male) |
| 24:05 | Crear | Villager (Male) |
| 24:06 | Crear | Villager (Male) |
| 24:06 | Crear | Villager (Male) |
| 24:07 | Crear | Villager (Male) |
| 24:07 | Crear | Villager (Male) |
| 24:07 | Crear | Villager (Male) |
| 24:08 | Crear | Villager (Male) |
| 24:08 | Crear | Villager (Male) |
| 24:09 | Crear | Villager (Male) |
| 24:10 | Crear | Villager (Male) |
| 24:23 | Construir | Farm |
| 24:39 | Construir | Castle |
| 24:51 | Construir | Farm |
| 24:54 | Construir | Farm |
| 24:55 | Construir | Farm |
| 25:10 | Construir | Farm |
| 25:12 | Construir | Farm |
| 25:14 | Construir | Farm |
| 25:15 | Construir | Farm |
| 25:16 | Construir | Farm |
| 25:17 | Construir | Farm |
Build order — DodgeViper97410
Primeras 150 de 507 acciones detectadas
| 0:00 | Crear | Villager (Male) |
| 0:01 | Construir | House |
| 0:03 | Construir | House |
| 0:09 | Crear | Villager (Male) |
| 0:09 | Crear | Villager (Male) |
| 0:14 | Crear | Villager (Male) |
| 0:14 | Crear | Villager (Male) |
| 0:14 | Crear | Villager (Male) |
| 1:23 | Crear | Villager (Male) |
| 1:40 | Construir | Lumber Camp |
| 2:11 | Crear | Villager (Male) |
| 2:11 | Crear | Villager (Male) |
| 2:18 | Crear | Villager (Male) |
| 2:18 | Crear | Villager (Male) |
| 2:28 | Construir | House |
| 2:30 | Construir | House |
| 2:59 | Crear | Villager (Male) |
| 2:59 | Crear | Villager (Male) |
| 3:08 | Crear | Villager (Male) |
| 3:08 | Crear | Villager (Male) |
| 3:29 | Construir | Mill |
| 3:46 | Crear | Villager (Male) |
| 3:46 | Crear | Villager (Male) |
| 3:53 | Crear | Villager (Male) |
| 3:53 | Crear | Villager (Male) |
| 4:49 | Crear | Villager (Male) |
| 4:49 | Crear | Villager (Male) |
| 4:50 | Crear | Villager (Male) |
| 5:05 | Crear | Villager (Male) |
| 5:28 | Crear | Villager (Male) |
| 5:29 | Crear | Villager (Male) |
| 6:28 | Crear | Villager (Male) |
| 6:39 | Crear | Villager (Male) |
| 6:58 | Construir | Mining Camp |
| 7:03 | Construir | House |
| 7:06 | Crear | Villager (Male) |
| 7:24 | Crear | Villager (Male) |
| 7:49 | Crear | Villager (Male) |
| 8:22 | Construir | Mining Camp |
| 8:24 | Crear | Villager (Male) |
| 8:38 | Crear | Villager (Male) |
| 9:00 | Construir | House |
| 9:05 | Crear | Villager (Male) |
| 9:06 | Investigar | Feudal Age |
| 9:11 | Construir | Farm |
| 9:25 | Construir | Farm |
| 10:22 | Construir | Farm |
| 10:55 | Crear | Villager (Male) |
| 10:55 | Crear | Villager (Male) |
| 11:43 | Investigar | Wheelbarrow |
| 11:50 | Investigar | Double-Bit Axe |
| 12:20 | Crear | Villager (Male) |
| 12:26 | Construir | Blacksmith |
| 12:50 | Crear | Villager (Male) |
| 13:04 | Crear | Villager (Male) |
| 13:09 | Construir | House |
| 13:13 | Crear | Villager (Male) |
| 13:29 | Construir | Market |
| 13:34 | Crear | Villager (Male) |
| 14:20 | Investigar | Castle Age |
| 14:27 | Construir | Farm |
| 14:49 | Construir | Outpost |
| 14:52 | Construir | Outpost |
| 15:34 | Crear | Villager (Male) |
| 15:44 | Construir | Farm |
| 16:07 | Construir | Stone Wall |
| 16:20 | Construir | Farm |
| 16:20 | Construir | Farm |
| 16:20 | Construir | Farm |
| 16:20 | Construir | Farm |
| 16:21 | Construir | Farm |
| 16:41 | Construir | Outpost |
| 16:55 | Construir | Stone Wall |
| 17:07 | Construir | Town Center |
| 17:09 | Crear | Villager (Male) |
| 17:09 | Crear | Villager (Male) |
| 17:28 | Crear | Villager (Male) |
| 17:29 | Investigar | Loom |
| 17:35 | Construir | Farm |
| 17:35 | Construir | Farm |
| 17:35 | Construir | Farm |
| 17:35 | Construir | Farm |
| 17:36 | Construir | Farm |
| 17:36 | Construir | Farm |
| 17:36 | Construir | Farm |
| 17:44 | Investigar | Bow Saw |
| 17:51 | Construir | Stone Wall |
| 17:58 | Construir | Building 673 |
| 18:02 | Construir | Stone Wall |
| 18:12 | Crear | Villager (Male) |
| 18:12 | Crear | Villager (Male) |
| 18:13 | Crear | Villager (Male) |
| 18:13 | Crear | Villager (Male) |
| 18:14 | Crear | Villager (Male) |
| 18:43 | Construir | Barracks |
| 18:52 | Construir | Farm |
| 18:53 | Crear | Villager (Male) |
| 18:53 | Crear | Villager (Male) |
| 18:55 | Crear | Villager (Male) |
| 18:55 | Crear | Villager (Male) |
| 19:09 | Construir | Building 804 |
| 19:16 | Construir | Building 487 |
| 19:40 | Construir | Castle |
| 19:49 | Construir | Archery Range |
| 19:51 | Construir | Stone Wall |
| 20:16 | Crear | Villager (Male) |
| 20:17 | Crear | Villager (Male) |
| 20:17 | Crear | Villager (Male) |
| 20:17 | Crear | Villager (Male) |
| 20:44 | Crear | Villager (Male) |
| 20:44 | Crear | Villager (Male) |
| 20:45 | Crear | Villager (Male) |
| 20:45 | Crear | Villager (Male) |
| 20:58 | Construir | Building 665 |
| 21:07 | Construir | Mining Camp |
| 21:13 | Crear | Skirmisher |
| 21:13 | Crear | Skirmisher |
| 21:13 | Crear | Skirmisher |
| 21:19 | Construir | Farm |
| 21:19 | Construir | Farm |
| 21:19 | Construir | Farm |
| 21:19 | Construir | Farm |
| 21:19 | Construir | Farm |
| 21:35 | Construir | Stone Wall |
| 21:50 | Crear | Skirmisher |
| 21:51 | Crear | Skirmisher |
| 21:54 | Crear | Villager (Male) |
| 21:54 | Crear | Villager (Male) |
| 22:11 | Crear | Villager (Male) |
| 22:21 | Investigar | Elite Skirmisher (upgrade) |
| 22:27 | Investigar | Fletching |
| 22:41 | Investigar | Padded Archer Armor |
| 22:52 | Crear | Villager (Male) |
| 22:52 | Crear | Villager (Male) |
| 23:00 | Crear | Villager (Male) |
| 23:00 | Crear | Villager (Male) |
| 23:03 | Crear | Villager (Male) |
| 23:04 | Crear | Villager (Male) |
| 23:15 | Crear | Skirmisher |
| 23:15 | Crear | Skirmisher |
| 23:23 | Construir | Archery Range |
| 23:34 | Construir | Building 665 |
| 23:37 | Crear | Skirmisher |
| 23:37 | Crear | Skirmisher |
| 23:37 | Crear | Skirmisher |
| 23:37 | Crear | Skirmisher |
| 23:40 | Crear | Villager (Male) |
| 23:41 | Crear | Villager (Male) |
| 23:51 | Construir | Building 487 |
| 23:56 | Crear | Skirmisher |
Build order — diego.servf
Primeras 150 de 367 acciones detectadas
| 0:02 | Construir | House |
| 0:03 | Construir | House |
| 0:04 | Construir | House |
| 0:05 | Crear | Villager (Male) |
| 0:05 | Crear | Villager (Male) |
| 0:05 | Crear | Villager (Male) |
| 0:06 | Crear | Villager (Male) |
| 0:06 | Crear | Villager (Male) |
| 1:40 | Crear | Villager (Male) |
| 1:53 | Crear | Villager (Male) |
| 2:20 | Crear | Villager (Male) |
| 2:46 | Crear | Villager (Male) |
| 2:47 | Crear | Villager (Male) |
| 3:28 | Construir | Mill |
| 3:34 | Crear | Villager (Male) |
| 3:36 | Crear | Villager (Male) |
| 3:37 | Crear | Villager (Male) |
| 3:55 | Construir | House |
| 4:16 | Crear | Villager (Male) |
| 4:44 | Crear | Villager (Male) |
| 5:08 | Construir | Lumber Camp |
| 5:11 | Crear | Villager (Male) |
| 5:31 | Crear | Villager (Male) |
| 5:58 | Crear | Villager (Male) |
| 6:24 | Crear | Villager (Male) |
| 6:50 | Crear | Villager (Male) |
| 6:51 | Crear | Villager (Male) |
| 7:33 | Construir | House |
| 8:02 | Crear | Villager (Male) |
| 8:02 | Crear | Villager (Male) |
| 8:03 | Crear | Villager (Male) |
| 8:31 | Construir | Mining Camp |
| 8:35 | Crear | Villager (Male) |
| 8:38 | Crear | Villager (Male) |
| 8:55 | Construir | Lumber Camp |
| 9:07 | Investigar | Loom |
| 10:27 | Investigar | Feudal Age |
| 10:38 | Construir | House |
| 10:52 | Construir | Barracks |
| 12:14 | Construir | Farm |
| 12:17 | Construir | Farm |
| 12:21 | Construir | Farm |
| 12:34 | Crear | Villager (Male) |
| 12:37 | Edad | Edad Feudal |
| 12:38 | Crear | Villager (Male) |
| 12:45 | Construir | Market |
| 12:49 | Construir | Blacksmith |
| 13:05 | Construir | Farm |
| 13:08 | Construir | Farm |
| 13:41 | Investigar | Castle Age |
| 13:42 | Investigar | Castle Age |
| 13:58 | Construir | Mining Camp |
| 14:30 | Investigar | Double-Bit Axe |
| 14:32 | Investigar | Horse Collar |
| 14:55 | Investigar | Stone Mining |
| 15:31 | Crear | Villager (Male) |
| 16:21 | Edad | Edad de los Castillos |
| 16:36 | Construir | Monastery |
| 16:48 | Crear | Villager (Male) |
| 17:26 | Crear | Monk |
| 17:31 | Crear | Villager (Male) |
| 17:35 | Construir | House |
| 17:54 | Construir | Town Center |
| 18:01 | Investigar | Bow Saw |
| 18:29 | Construir | Castle |
| 18:47 | Crear | Monk |
| 19:02 | Crear | Villager (Male) |
| 19:03 | Crear | Villager (Male) |
| 19:42 | Construir | Farm |
| 19:43 | Crear | Villager (Male) |
| 20:05 | Construir | Farm |
| 20:06 | Crear | Villager (Male) |
| 20:19 | Construir | Town Center |
| 20:24 | Crear | Villager (Male) |
| 20:25 | Crear | Villager (Male) |
| 20:33 | Construir | Farm |
| 20:44 | Crear | Villager (Male) |
| 20:57 | Crear | Janissary |
| 20:57 | Crear | Janissary |
| 21:11 | Construir | Mining Camp |
| 21:18 | Crear | Villager (Male) |
| 21:25 | Crear | Villager (Male) |
| 21:34 | Crear | Janissary |
| 21:44 | Crear | Janissary |
| 22:07 | Crear | Petard |
| 22:24 | Construir | Farm |
| 22:25 | Construir | Farm |
| 22:27 | Construir | Farm |
| 22:29 | Crear | Villager (Male) |
| 22:44 | Crear | Janissary |
| 22:44 | Crear | Janissary |
| 23:13 | Construir | Farm |
| 23:14 | Crear | Villager (Male) |
| 23:17 | Crear | Villager (Male) |
| 23:41 | Crear | Janissary |
| 24:12 | Construir | Farm |
| 24:13 | Crear | Villager (Male) |
| 24:15 | Crear | Villager (Male) |
| 24:18 | Construir | Farm |
| 24:20 | Crear | Villager (Male) |
| 24:31 | Crear | Janissary |
| 24:52 | Construir | Farm |
| 24:54 | Crear | Villager (Male) |
| 24:56 | Construir | Farm |
| 25:01 | Crear | Villager (Male) |
| 25:01 | Crear | Villager (Male) |
| 25:03 | Construir | Farm |
| 25:25 | Construir | Castle |
| 25:38 | Construir | Farm |
| 25:39 | Crear | Villager (Male) |
| 25:41 | Construir | Farm |
| 25:42 | Crear | Villager (Male) |
| 26:11 | Construir | Farm |
| 26:13 | Crear | Villager (Male) |
| 26:16 | Construir | Farm |
| 26:18 | Crear | Villager (Male) |
| 26:22 | Investigar | Wheelbarrow |
| 26:29 | Crear | Janissary |
| 26:38 | Crear | Petard |
| 26:44 | Construir | Farm |
| 26:49 | Construir | Farm |
| 26:51 | Crear | Villager (Male) |
| 26:55 | Crear | Villager (Male) |
| 27:06 | Crear | Janissary |
| 27:19 | Crear | Janissary |
| 27:23 | Construir | Farm |
| 27:25 | Crear | Villager (Male) |
| 27:27 | Construir | Farm |
| 27:29 | Crear | Villager (Male) |
| 27:44 | Crear | Janissary |
| 27:45 | Crear | Janissary |
| 28:11 | Construir | Farm |
| 28:13 | Crear | Villager (Male) |
| 28:14 | Construir | Farm |
| 28:34 | Crear | Janissary |
| 28:34 | Crear | Janissary |
| 28:48 | Crear | Janissary |
| 28:51 | Crear | Janissary |
| 29:20 | Crear | Janissary |
| 29:20 | Crear | Janissary |
| 29:40 | Crear | Janissary |
| 29:40 | Crear | Janissary |
| 29:46 | Construir | Farm |
| 29:47 | Crear | Villager (Male) |
| 29:49 | Crear | Villager (Male) |
| 29:51 | Crear | Villager (Male) |
| 29:58 | Crear | Janissary |
| 30:07 | Investigar | Gold Mining |
| 30:22 | Crear | Janissary |
| 30:24 | Crear | Janissary |
Build order — MikeMeanMachine
Primeras 150 de 280 acciones detectadas
| 0:01 | Crear | Villager (Male) |
| 0:02 | Crear | Villager (Male) |
| 0:03 | Construir | House |
| 0:05 | Construir | House |
| 0:38 | Crear | Villager (Male) |
| 0:39 | Crear | Villager (Male) |
| 0:39 | Crear | Villager (Male) |
| 1:26 | Crear | Villager (Male) |
| 1:26 | Crear | Villager (Male) |
| 2:01 | Crear | Villager (Male) |
| 2:01 | Crear | Villager (Male) |
| 2:09 | Construir | Lumber Camp |
| 2:17 | Crear | Villager (Male) |
| 2:57 | Crear | Villager (Male) |
| 2:57 | Crear | Villager (Male) |
| 3:30 | Crear | Villager (Male) |
| 3:31 | Crear | Villager (Male) |
| 3:42 | Construir | Mill |
| 3:46 | Crear | Villager (Male) |
| 3:46 | Crear | Villager (Male) |
| 4:06 | Crear | Villager (Male) |
| 4:07 | Crear | Villager (Male) |
| 4:32 | Construir | House |
| 4:56 | Crear | Villager (Male) |
| 4:56 | Crear | Villager (Male) |
| 4:56 | Crear | Villager (Male) |
| 5:21 | Crear | Villager (Male) |
| 5:27 | Crear | Villager (Male) |
| 5:27 | Crear | Villager (Male) |
| 5:38 | Construir | House |
| 5:47 | Construir | Mining Camp |
| 6:01 | Crear | Villager (Male) |
| 6:16 | Crear | Villager (Male) |
| 6:16 | Crear | Villager (Male) |
| 6:16 | Crear | Villager (Male) |
| 6:41 | Crear | Villager (Male) |
| 7:18 | Crear | Villager (Male) |
| 7:30 | Construir | Mining Camp |
| 7:36 | Crear | Villager (Male) |
| 8:16 | Crear | Villager (Male) |
| 8:30 | Construir | House |
| 8:55 | Investigar | Feudal Age |
| 9:33 | Crear | Villager (Male) |
| 10:20 | Construir | Mill |
| 10:33 | Construir | House |
| 11:16 | Edad | Edad Feudal |
| 11:20 | Construir | Blacksmith |
| 11:30 | Construir | Market |
| 11:35 | Crear | Villager (Male) |
| 12:19 | Investigar | Castle Age |
| 13:28 | Investigar | Double-Bit Axe |
| 13:33 | Crear | Villager (Male) |
| 14:00 | Construir | House |
| 14:29 | Crear | Villager (Male) |
| 14:59 | Edad | Edad de los Castillos |
| 15:32 | Construir | Castle |
| 15:37 | Crear | Villager (Male) |
| 15:39 | Investigar | Bow Saw |
| 15:51 | Construir | Siege Workshop |
| 15:54 | Construir | Palisade Wall |
| 16:00 | Crear | Villager (Male) |
| 16:00 | Crear | Villager (Male) |
| 16:25 | Construir | Farm |
| 16:31 | Crear | Villager (Male) |
| 16:49 | Construir | Lumber Camp |
| 16:52 | Crear | Petard |
| 16:52 | Crear | Petard |
| 17:15 | Construir | Farm |
| 17:50 | Crear | Genoese Crossbowman |
| 17:50 | Crear | Genoese Crossbowman |
| 17:51 | Crear | Genoese Crossbowman |
| 17:58 | Construir | Farm |
| 18:31 | Crear | Petard |
| 18:32 | Crear | Petard |
| 18:34 | Crear | Mangonel |
| 19:05 | Construir | Farm |
| 19:06 | Construir | Farm |
| 19:24 | Crear | Genoese Crossbowman |
| 19:25 | Crear | Genoese Crossbowman |
| 20:47 | Crear | Genoese Crossbowman |
| 20:47 | Crear | Genoese Crossbowman |
| 20:50 | Crear | Battering Ram |
| 20:50 | Crear | Battering Ram |
| 21:00 | Crear | Villager (Male) |
| 21:00 | Crear | Villager (Male) |
| 21:00 | Investigar | Wheelbarrow |
| 21:06 | Crear | Villager (Male) |
| 21:06 | Crear | Villager (Male) |
| 21:13 | Construir | Farm |
| 21:16 | Construir | Farm |
| 21:17 | Construir | Farm |
| 21:20 | Crear | Genoese Crossbowman |
| 21:20 | Crear | Genoese Crossbowman |
| 22:09 | Investigar | Fletching |
| 22:33 | Crear | Battering Ram |
| 22:38 | Crear | Genoese Crossbowman |
| 22:39 | Crear | Genoese Crossbowman |
| 23:18 | Crear | Genoese Crossbowman |
| 23:18 | Crear | Genoese Crossbowman |
| 23:18 | Crear | Genoese Crossbowman |
| 23:29 | Crear | Villager (Male) |
| 23:29 | Crear | Villager (Male) |
| 23:34 | Construir | Lumber Camp |
| 23:41 | Crear | Villager (Male) |
| 23:43 | Investigar | Gold Mining |
| 24:08 | Construir | Castle |
| 24:24 | Crear | Villager (Male) |
| 24:24 | Crear | Villager (Male) |
| 24:26 | Investigar | Padded Archer Armor |
| 24:29 | Crear | Genoese Crossbowman |
| 24:29 | Crear | Genoese Crossbowman |
| 24:29 | Crear | Genoese Crossbowman |
| 25:04 | Crear | Genoese Crossbowman |
| 25:04 | Crear | Genoese Crossbowman |
| 25:35 | Crear | Genoese Crossbowman |
| 25:49 | Construir | Mining Camp |
| 25:57 | Crear | Genoese Crossbowman |
| 25:57 | Crear | Genoese Crossbowman |
| 26:13 | Crear | Genoese Crossbowman |
| 26:13 | Crear | Genoese Crossbowman |
| 26:13 | Crear | Genoese Crossbowman |
| 26:16 | Construir | Farm |
| 26:17 | Construir | Farm |
| 26:22 | Construir | Town Center |
| 26:27 | Investigar | Horse Collar |
| 26:35 | Construir | House |
| 26:36 | Construir | House |
| 26:37 | Construir | House |
| 26:42 | Construir | Farm |
| 26:46 | Crear | Villager (Male) |
| 26:46 | Crear | Villager (Male) |
| 26:47 | Crear | Villager (Male) |
| 26:47 | Crear | Villager (Male) |
| 26:47 | Crear | Villager (Male) |
| 27:03 | Crear | Genoese Crossbowman |
| 27:03 | Crear | Genoese Crossbowman |
| 27:04 | Crear | Genoese Crossbowman |
| 27:16 | Crear | Genoese Crossbowman |
| 27:16 | Crear | Genoese Crossbowman |
| 27:16 | Crear | Genoese Crossbowman |
| 27:25 | Crear | Villager (Male) |
| 27:26 | Crear | Villager (Male) |
| 27:31 | Investigar | Heavy Plow |
| 27:35 | Crear | Villager (Male) |
| 27:35 | Crear | Villager (Male) |
| 28:04 | Construir | Barracks |
| 28:36 | Investigar | Leather Archer Armor |
| 28:48 | Construir | Stone Wall |
| 29:52 | Crear | Genoese Crossbowman ×5 |
| 29:56 | Construir | Lumber Camp |
Build order — SirT_Naval
Primeras 150 de 363 acciones detectadas
| 0:07 | Construir | House |
| 0:09 | Construir | House |
| 0:15 | Crear | Villager (Male) |
| 0:15 | Crear | Villager (Male) |
| 0:15 | Crear | Villager (Male) |
| 0:16 | Crear | Villager (Male) |
| 1:41 | Crear | Villager (Male) |
| 1:41 | Crear | Villager (Male) |
| 2:03 | Construir | Lumber Camp |
| 2:12 | Crear | Villager (Male) |
| 2:12 | Crear | Villager (Male) |
| 2:29 | Crear | Villager (Male) |
| 2:29 | Crear | Villager (Male) |
| 2:59 | Crear | Villager (Male) |
| 2:59 | Crear | Villager (Male) |
| 3:16 | Crear | Villager (Male) |
| 3:41 | Construir | House |
| 3:42 | Construir | House |
| 3:48 | Crear | Villager (Male) |
| 3:49 | Crear | Villager (Male) |
| 4:06 | Crear | Villager (Male) |
| 4:06 | Crear | Villager (Male) |
| 4:31 | Construir | Mill |
| 4:37 | Crear | Villager (Male) |
| 4:37 | Crear | Villager (Male) |
| 5:01 | Crear | Villager (Male) |
| 5:01 | Crear | Villager (Male) |
| 5:34 | Crear | Villager (Male) |
| 5:34 | Crear | Villager (Male) |
| 5:47 | Crear | Villager (Male) |
| 5:47 | Crear | Villager (Male) |
| 6:13 | Crear | Villager (Male) |
| 6:13 | Crear | Villager (Male) |
| 6:36 | Crear | Villager (Male) |
| 7:05 | Crear | Villager (Male) |
| 7:35 | Construir | Mining Camp |
| 8:02 | Crear | Villager (Male) |
| 8:13 | Construir | House |
| 8:22 | Crear | Villager (Male) |
| 8:23 | Investigar | Loom |
| 8:43 | Construir | Mining Camp |
| 8:54 | Investigar | Feudal Age |
| 9:11 | Construir | Mill |
| 9:52 | Construir | Farm |
| 10:22 | Construir | Farm |
| 10:31 | Construir | Barracks |
| 10:40 | Crear | Villager (Male) |
| 10:40 | Crear | Villager (Male) |
| 11:07 | Construir | House |
| 11:30 | Edad | Edad Feudal |
| 11:41 | Construir | Market |
| 11:52 | Construir | Blacksmith |
| 12:23 | Crear | Villager (Male) |
| 12:23 | Crear | Villager (Male) |
| 12:40 | Construir | House |
| 13:24 | Construir | Farm |
| 13:26 | Construir | Farm |
| 13:47 | Investigar | Castle Age |
| 14:21 | Crear | Spearman |
| 14:29 | Investigar | Double-Bit Axe |
| 14:35 | Construir | Lumber Camp |
| 15:25 | Investigar | Fletching |
| 16:27 | Edad | Edad de los Castillos |
| 17:26 | Construir | Castle |
| 17:50 | Investigar | Bodkin Arrow |
| 18:00 | Crear | Villager (Male) |
| 18:01 | Crear | Villager (Male) |
| 18:07 | Construir | House |
| 18:08 | Construir | House |
| 18:32 | Construir | Town Center |
| 19:02 | Construir | Farm |
| 19:04 | Construir | Farm |
| 19:05 | Construir | Farm |
| 19:31 | Construir | Town Center |
| 19:35 | Crear | Villager (Male) |
| 19:43 | Investigar | Horse Collar |
| 19:47 | Crear | Villager (Male) |
| 20:31 | Crear | Villager (Male) |
| 20:31 | Crear | Villager (Male) |
| 20:36 | Crear | Villager (Male) |
| 20:37 | Crear | Villager (Male) |
| 21:01 | Construir | Farm |
| 21:03 | Construir | Farm |
| 21:05 | Construir | Farm |
| 21:11 | Construir | Farm |
| 21:13 | Crear | Villager (Male) |
| 21:38 | Construir | Farm |
| 21:42 | Crear | Villager (Male) |
| 22:16 | Construir | Farm |
| 22:17 | Construir | Farm |
| 22:19 | Construir | Farm |
| 22:20 | Construir | Farm |
| 22:22 | Crear | Villager (Male) |
| 22:23 | Crear | Villager (Male) |
| 22:24 | Crear | Villager (Male) |
| 22:24 | Crear | Villager (Male) |
| 22:34 | Crear | Villager (Male) |
| 22:34 | Crear | Villager (Male) |
| 22:45 | Investigar | Heavy Plow |
| 23:00 | Investigar | Wheelbarrow |
| 23:37 | Crear | Villager (Male) |
| 23:38 | Crear | Villager (Male) |
| 23:52 | Construir | Farm |
| 23:52 | Construir | Farm |
| 23:52 | Construir | Farm |
| 23:53 | Construir | Farm |
| 23:53 | Construir | Farm |
| 23:53 | Construir | Farm |
| 23:53 | Construir | Farm |
| 23:57 | Crear | Villager (Male) |
| 23:57 | Crear | Villager (Male) |
| 23:58 | Crear | Villager (Male) |
| 24:21 | Construir | University |
| 24:25 | Crear | Villager (Male) |
| 24:26 | Crear | Villager (Male) |
| 24:40 | Construir | Farm |
| 24:51 | Construir | House |
| 24:53 | Construir | House |
| 25:01 | Construir | Siege Workshop |
| 25:08 | Construir | House |
| 25:10 | Construir | House |
| 25:20 | Construir | House |
| 25:25 | Crear | Villager (Male) |
| 25:29 | Crear | Villager (Male) |
| 25:43 | Construir | Farm |
| 25:56 | Construir | Mill |
| 25:58 | Construir | Farm |
| 25:58 | Construir | Farm |
| 25:58 | Construir | Farm |
| 25:58 | Construir | Farm |
| 25:58 | Construir | Farm |
| 25:59 | Construir | Farm |
| 25:59 | Construir | Farm |
| 26:02 | Crear | Villager (Male) |
| 26:02 | Crear | Villager (Male) |
| 26:12 | Crear | Villager (Male) |
| 26:13 | Crear | Villager (Male) |
| 26:29 | Construir | Mining Camp |
| 26:43 | Crear | Villager (Male) |
| 26:47 | Construir | Farm |
| 26:49 | Construir | Farm |
| 27:04 | Construir | Monastery |
| 27:17 | Crear | Villager (Male) |
| 27:19 | Investigar | Gold Mining |
| 27:22 | Investigar | Hand Cart |
| 27:29 | Construir | Farm |
| 28:11 | Investigar | Imperial Age |
| 28:27 | Crear | Villager (Male) |
| 28:27 | Crear | Villager (Male) |
| 28:49 | Crear | Mangonel |
Build order — Gunslinger
Primeras 150 de 272 acciones detectadas
| 0:04 | Construir | House |
| 0:06 | Construir | House |
| 0:07 | Crear | Villager (Male) |
| 0:08 | Crear | Villager (Male) |
| 0:27 | Crear | Villager (Male) |
| 1:04 | Crear | Villager (Male) |
| 1:43 | Crear | Villager (Male) |
| 2:07 | Crear | Villager (Male) |
| 2:37 | Crear | Villager (Male) |
| 2:43 | Construir | House |
| 2:53 | Crear | Villager (Male) |
| 3:08 | Construir | Lumber Camp |
| 3:11 | Crear | Villager (Male) |
| 3:45 | Crear | Villager (Male) |
| 4:17 | Crear | Villager (Male) |
| 4:34 | Crear | Villager (Male) |
| 4:51 | Crear | Villager (Male) |
| 4:52 | Crear | Villager (Male) |
| 5:15 | Construir | House |
| 5:41 | Crear | Villager (Male) |
| 5:55 | Crear | Villager (Male) |
| 6:19 | Construir | Mill |
| 6:29 | Crear | Villager (Male) |
| 6:36 | Crear | Villager (Male) |
| 6:36 | Crear | Villager (Male) |
| 7:06 | Crear | Villager (Male) |
| 7:06 | Crear | Villager (Male) |
| 7:37 | Construir | House |
| 8:29 | Construir | Mining Camp |
| 8:38 | Construir | Farm |
| 8:41 | Construir | Farm |
| 8:43 | Construir | Farm |
| 9:22 | Investigar | Feudal Age |
| 11:29 | Crear | Villager (Male) |
| 11:29 | Crear | Villager (Male) |
| 11:32 | Edad | Edad Feudal |
| 11:36 | Construir | Blacksmith |
| 11:41 | Construir | Market |
| 12:57 | Investigar | Castle Age |
| 13:07 | Investigar | Double-Bit Axe |
| 13:15 | Construir | Farm |
| 13:16 | Construir | Farm |
| 13:33 | Construir | Farm |
| 13:34 | Construir | Farm |
| 13:40 | Construir | Farm |
| 13:41 | Construir | Farm |
| 13:54 | Construir | House |
| 15:37 | Edad | Edad de los Castillos |
| 15:48 | Construir | Town Center |
| 15:49 | Crear | Villager (Male) |
| 15:50 | Crear | Villager (Male) |
| 15:56 | Construir | Town Center |
| 16:00 | Investigar | Bow Saw |
| 16:03 | Crear | Villager (Male) |
| 16:19 | Crear | Villager (Male) |
| 16:30 | Construir | Farm |
| 16:31 | Construir | Farm |
| 16:31 | Construir | Farm |
| 16:42 | Construir | House |
| 16:43 | Construir | House |
| 16:46 | Crear | Villager (Male) |
| 17:19 | Crear | Villager (Male) |
| 17:19 | Crear | Villager (Male) |
| 17:32 | Crear | Villager (Male) |
| 17:32 | Crear | Villager (Male) |
| 17:33 | Crear | Villager (Male) |
| 17:33 | Crear | Villager (Male) |
| 17:43 | Construir | Farm |
| 17:44 | Construir | Farm |
| 17:45 | Construir | Farm |
| 17:45 | Construir | Farm |
| 17:45 | Construir | Farm |
| 17:45 | Construir | Farm |
| 18:02 | Crear | Villager (Male) |
| 18:02 | Crear | Villager (Male) |
| 18:13 | Construir | Barracks |
| 18:27 | Crear | Villager (Male) |
| 18:27 | Crear | Villager (Male) |
| 18:28 | Crear | Villager (Male) |
| 18:28 | Crear | Villager (Male) |
| 18:28 | Crear | Villager (Male) |
| 18:34 | Construir | Farm |
| 18:35 | Construir | Farm |
| 18:35 | Construir | Farm |
| 18:35 | Construir | Farm |
| 18:43 | Crear | Villager (Male) |
| 18:43 | Crear | Villager (Male) |
| 18:57 | Crear | Villager (Male) |
| 18:57 | Crear | Villager (Male) |
| 19:03 | Construir | Farm |
| 19:04 | Construir | Farm |
| 19:07 | Crear | Villager (Male) |
| 19:08 | Crear | Villager (Male) |
| 19:13 | Construir | Stable |
| 19:25 | Construir | Farm |
| 19:26 | Construir | Farm |
| 19:31 | Crear | Villager (Male) |
| 19:31 | Crear | Villager (Male) |
| 19:31 | Crear | Villager (Male) |
| 19:37 | Construir | House |
| 19:38 | Construir | House |
| 19:46 | Crear | Villager (Male) |
| 19:47 | Crear | Villager (Male) |
| 19:47 | Crear | Villager (Male) |
| 20:06 | Crear | Villager (Male) |
| 20:06 | Crear | Villager (Male) |
| 20:06 | Crear | Villager (Male) |
| 20:06 | Crear | Villager (Male) |
| 20:16 | Construir | Town Center |
| 20:23 | Crear | Villager (Male) |
| 20:23 | Crear | Villager (Male) |
| 20:24 | Crear | Villager (Male) |
| 20:24 | Crear | Villager (Male) |
| 20:32 | Construir | Stable |
| 20:42 | Crear | Villager (Male) ×2 |
| 20:58 | Construir | House |
| 20:59 | Construir | House |
| 21:03 | Crear | Villager (Male) ×3 |
| 21:12 | Investigar | Horse Collar |
| 21:20 | Construir | Farm |
| 21:20 | Construir | Farm |
| 21:21 | Construir | Farm |
| 21:27 | Crear | Villager (Male) ×2 |
| 21:42 | Construir | House |
| 21:42 | Construir | House |
| 21:49 | Crear | Villager (Male) ×3 |
| 21:58 | Investigar | Gold Mining |
| 22:06 | Crear | Villager (Male) |
| 22:29 | Construir | Stone Wall |
| 22:35 | Crear | Villager (Male) ×4 |
| 22:35 | Crear | Villager (Male) ×4 |
| 22:57 | Crear | Knight |
| 22:57 | Crear | Knight |
| 23:05 | Crear | Villager (Male) ×4 |
| 23:12 | Crear | Knight |
| 23:12 | Crear | Knight |
| 23:45 | Crear | Knight |
| 23:45 | Crear | Knight |
| 23:45 | Crear | Knight |
| 23:45 | Crear | Knight |
| 24:22 | Crear | Villager (Male) ×5 |
| 24:22 | Crear | Villager (Male) ×5 |
| 24:22 | Crear | Villager (Male) |
| 24:37 | Construir | Farm |
| 24:38 | Construir | Farm |
| 24:38 | Construir | Farm |
| 24:38 | Construir | Farm |
| 24:39 | Construir | Farm |
| 24:39 | Construir | Farm |
| 24:39 | Construir | Farm |
Cronología de la partida
| 10:31 | SirT_Naval · first_building Barracks |
| 10:34 | Duck Rattlehead · wall_segment Palisade Wall x1 |
| 10:52 | diego.servf · first_building Barracks |
| 11:16 | MikeMeanMachine · age_up feudal |
| 11:22 | Duck Rattlehead · age_up feudal |
| 11:30 | carlos434 · age_up feudal |
| 11:30 | SirT_Naval · age_up feudal |
| 11:32 | Gunslinger · age_up feudal |
| 11:52 | Mooncake · age_up feudal |
| 12:37 | diego.servf · age_up feudal |
| 13:56 | carlos434 · first_building Barracks |
| 14:59 | MikeMeanMachine · age_up castle |
| 15:26 | Duck Rattlehead · age_up castle |
| 15:31 | Mooncake · age_up castle |
| 15:32 | MikeMeanMachine · first_building Castle |
| 15:37 | Gunslinger · age_up castle |
| 15:49 | Duck Rattlehead · first_building Monastery |
| 15:51 | MikeMeanMachine · first_building Siege Workshop |
| 15:54 | MikeMeanMachine · wall_segment Palisade Wall x1 |
| 16:07 | DodgeViper97410 · wall_segment Stone Wall x8 |
| 16:07 | Mooncake · first_building Monastery |
| 16:18 | Duck Rattlehead · first_market_buy 100 stone |
| 16:21 | diego.servf · age_up castle |
| 16:27 | SirT_Naval · age_up castle |
| 16:27 | carlos434 · age_up castle |
| 16:36 | diego.servf · first_building Monastery |
| 16:40 | carlos434 · first_market_buy 100 stone |
| 16:50 | carlos434 · first_building Castle |
| 16:55 | DodgeViper97410 · wall_segment Stone Wall x6 |
| 17:26 | SirT_Naval · first_building Castle |
| 17:51 | DodgeViper97410 · wall_segment Stone Wall x6 |
| 18:02 | DodgeViper97410 · wall_segment Stone Wall x2 |
| 18:03 | MikeMeanMachine · first_market_buy 100 food |
| 18:13 | Gunslinger · first_building Barracks |
| 18:23 | Gunslinger · first_market_buy 100 food |
| 18:29 | diego.servf · first_building Castle |
| 18:43 | DodgeViper97410 · first_building Barracks |
| 19:01 | Mooncake · first_building Barracks |
| 19:13 | Gunslinger · first_building Stable |
| 19:36 | DodgeViper97410 · first_market_buy 100 stone |
| 19:40 | DodgeViper97410 · first_building Castle |
| 19:49 | DodgeViper97410 · first_building Archery Range |
| 19:51 | DodgeViper97410 · wall_segment Stone Wall x1 |
| 20:50 | Mooncake · first_building Siege Workshop |
| 21:10 | MikeMeanMachine · first_market_sell 100 wood |
| 21:24 | diego.servf · first_market_buy 100 food |
| 21:35 | DodgeViper97410 · wall_segment Stone Wall x3 |
| 22:07 | carlos434 · first_building Stable |
| 22:29 | Gunslinger · wall_segment Stone Wall x7 |
| 22:31 | SirT_Naval · first_market_buy 100 food |
| 23:40 | Gunslinger · first_market_sell 100 wood |
| 23:51 | Duck Rattlehead · first_building Siege Workshop |
| 23:54 | Duck Rattlehead · first_building Barracks |
| 24:39 | Mooncake · first_building Castle |
| 25:01 | SirT_Naval · first_building Siege Workshop |
| 25:15 | Gunslinger · first_building Monastery |
| 25:57 | DodgeViper97410 · first_market_sell 100 stone |
| 26:57 | Gunslinger · first_building Siege Workshop |
| 27:04 | SirT_Naval · first_building Monastery |
| 28:04 | MikeMeanMachine · first_building Barracks |
| 28:04 | SirT_Naval · first_market_sell 100 stone |
| 28:48 | MikeMeanMachine · wall_segment Stone Wall x4 |
| 29:00 | Duck Rattlehead · first_building Castle |
| 29:02 | Mooncake · age_up imperial |
| 30:05 | Duck Rattlehead · first_market_sell 500 stone |
| 30:28 | carlos434 · first_market_sell 100 stone |
| 30:50 | Gunslinger · age_up imperial |
| 30:59 | Duck Rattlehead · age_up imperial |
| 31:21 | SirT_Naval · age_up imperial |
| 31:53 | diego.servf · first_building Siege Workshop |
| 32:22 | MikeMeanMachine · wall_segment Stone Wall x9 |
| 32:28 | DodgeViper97410 · first_building Stable |
| 33:01 | MikeMeanMachine · wall_segment Stone Wall x3 |
| 34:10 | SirT_Naval · wall_segment Stone Wall x1 |
| 34:28 | SirT_Naval · first_building Archery Range |
| 34:37 | carlos434 · age_up imperial |
| 34:41 | diego.servf · age_up imperial |
| 34:49 | DodgeViper97410 · wall_segment Stone Wall x5 |
| 36:28 | diego.servf · first_building Archery Range |
| 36:33 | SirT_Naval · wall_segment Stone Wall x9 |
| 38:21 | Gunslinger · resign |
| 39:37 | diego.servf · first_building Stable |
| 46:47 | MikeMeanMachine · age_up imperial |
[ ANÁLISIS IA · 1 CRÉDITO ]
¿Qué pasó realmente en esta partida?
Wolo.gg analiza cada decisión: build order, eco, micro, errores típicos por bracket. Análisis personalizado por WhatsApp o Discord en 30 segundos.
Guía civ
Borgoñones
Perfil
carlos434